 Dungeon Crawl Stone Soup version 0.31-a0-1227-g0136665373 (webtiles) character file.

Game seed: 13243410873292907899

1249 jlumianski the Ruffian (level 8, -6/61 HPs)
             Began as a Gnoll Shapeshifter on Dec 15, 2023.
             Was an Initiate of Wu Jian.
             Mangled by an orc warrior
             ... wielding a +0 long sword
              (13 damage)
             ... on level 5 of the Dungeon.
             The game lasted 00:21:56 (3979 turns).

jlumianski the Ruffian (Gnoll Shapeshifter)         Turns: 3979, Time: 00:21:56

Health: -6/61      AC:  3    Str: 16    XL:     8   Next: 50%
Magic:  13/13      EV: 13    Int: 10    God:    Wu Jian [......]
Gold:   150        SH:  0    Dex: 11    Spells: 12/13 levels left

rFire   . .          .
                       - Unarmed
rCold   . . .        (no shield)
rNeg    . . .        w - +0 leather armour {rPois}
rPois   +            (helmet currently unavailable)
rElec   .            (cloak currently unavailable)
rCorr   .            (gloves currently unavailable)
SInv    .            (boots currently unavailable)
Will    .....        o - amulet of the acrobat
Stlth   ++           (no ring)
HPRegen 0.30/turn    (no ring)
MPRegen 0.13/turn

%: acrobat
@: beast-form, studying Maces & Flails
A: beast (slay +4), fangs 1, strong nose, distributed training
a: Begin Untransformation, Renounce Religion


You were on level 5 of the Dungeon.
You worshipped Wu Jian.
Wu Jian was noncommittal.
You were a hulking beast.
You visited 2 branches of the dungeon, and saw 7 of its levels.

You collected 242 gold pieces.
You spent 92 gold pieces at shops.

Inventory:

Hand Weapons
 k - a +0 vampiric trident
Missiles
 h - 14 poisoned darts (quivered)
 r - 3 throwing nets
Armour
 a - a +0 animal skin
 e - a +0 chain mail
 w - a +0 leather armour of poison resistance (worn)
 B - a +0 helmet
Jewellery
 o - an amulet of the acrobat (around neck)
 D - a ring of protection from cold
Talismans
 c - a beast talisman (active)
 d - a flux talisman
 C - a storm talisman
Wands
 y - a wand of charming (8)
 E - a wand of roots (3)
Scrolls
 f - a scroll of poison
 n - 2 scrolls of butterflies
 p - a scroll of torment
 q - a scroll of teleportation
 s - a scroll of enchant weapon {unknown}
 u - a scroll of vulnerability
 x - a scroll of revelation {unknown}
 A - a scroll of noise {unknown}
 F - a scroll of blinking {unknown}
Potions
 b - a potion of lignification
 g - a potion of heal wounds
 i - 2 potions of enlightenment
 j - a potion of haste
 l - 3 potions of curing
 m - 2 potions of attraction
 t - a potion of mutation
 v - a potion of degeneration {unknown}
 z - a potion of cancellation {unknown}
 G - a potion of berserk rage {unknown}


   Skills:
 + Level 4.3 Fighting
 + Level 3.4 Short Blades
 + Level 3.4 Long Blades
 + Level 3.4 Axes
 + Level 3.5 Maces & Flails
 + Level 3.4 Polearms
 + Level 3.4 Staves
 + Level 3.4 Ranged Weapons
 + Level 3.4 Throwing
 + Level 3.4 Armour
 + Level 5.7 Dodging
 + Level 3.4 Stealth
 + Level 3.4 Shields
 + Level 7.4 Unarmed Combat
 + Level 3.4 Spellcasting
 + Level 2.7 Conjurations
 + Level 2.7 Hexes
 + Level 2.7 Summonings
 + Level 2.7 Necromancy
 + Level 2.7 Translocations
 + Level 2.7 Transmutations
 + Level 2.7 Fire Magic
 + Level 2.7 Ice Magic
 + Level 2.7 Air Magic
 + Level 2.7 Earth Magic
 + Level 2.7 Poison Magic
 + Level 3.7 Invocations
 + Level 3.4 Evocations
 + Level 7.3 Shapeshifting


You had 12 spell levels left.
You knew the following spells:

 Your Spells              Type           Power      Damage    Failure   Level
a - Magic Dart            Conj           28%        1d4       11%         1

Your spell library contained the following spells:

 Spells                   Type           Power      Damage    Failure   Level
 Call Imp                 Summ           14%        N/A       16%         2
 Sublimation of Blood     Necr           7%         N/A       16%         2
 Mephitic Cloud           Conj/Pois/Air  7%         N/A       30%         3
 Petrify                  Tmut/Erth      7%         N/A       71%         4
 Irradiate                Conj/Tmut      3%         3d12      96%         5


Dungeon Overview and Level Annotations

Branches:
Dungeon (6/15)             Temple (1/1) D:4

Altars:
Ashenzari
Cheibriados
Dithmenos
Elyvilon
Fedhas
Gozag
Hepliaklqana
Makhleb
Nemelex Xobeh
Okawaru
Ru
Uskayaw
Vehumet
Wu Jian
Xom
Yredelemnul
Zin

Shops:
D:2 *

Annotations:
D:5 3 runed translucent doors, kaesle's ghost, novice HOFi


Innate Abilities, Weirdness & Mutations

You are a hulking beast.
Your limbs bulge with bestial killing power. (Slay +4)
You have very sharp teeth.
Your uncanny sense of smell can sniff out nearby items.
Your experience applies equally to all skills.


Message History

The scorpion poisons you!
You hit the scorpion. You bite the scorpion.
You kill the scorpion!
The Council accepts your kill.
You feel sick.
You completely miss the orc warrior. You bite the orc warrior.
The orc warrior is lightly wounded.
You feel sick. The orc warrior barely misses you.
You feel sick.
The orc warrior attacks as it pursues you!
The orc warrior hits you with a +0 long sword!
There is a stone staircase leading up, spattered with blood here.
You feel sick.
The orc warrior hits you with a +0 long sword!
* * * LOW HITPOINT WARNING * * *
You climb upwards.
Level annotation: 3 runed translucent doors, kaesle's ghost, novice HOFi Reactivating autopickup.
You feel sick.
There is a stone staircase leading down here.
You feel better. The orc warrior barely misses you. The orc warrior misses you.
The orc warrior attacks as it pursues you!
The orc warrior hits you with a +0 long sword!
* * * LOW HITPOINT WARNING * * *
There is a stone staircase leading up here.
You feel better.
You barely miss the orc warrior. Your bite misses the orc warrior.
The orc warrior is lightly wounded.
The orc warrior hits you with a +0 long sword!
* * * LOW HITPOINT WARNING * * *
You punch the orc warrior!
The orc warrior is moderately wounded.
The orc warrior hits you with a +0 long sword!
* * * LOW HITPOINT WARNING * * *
You hit the orc warrior but do no damage.
You punch the orc warrior. You bite the orc warrior.
The orc warrior is heavily wounded.
The orc warrior hits you with a +0 long sword!
You die...

#.## ##..# #.# #..#
#.# #..# #### #.#
###..#####... #.#
#......))).## #.#
#.########... #.# ##.
##.... #.##.# ##....#
#h#.# #.o.#.. #o.#
#..o..# ##.## ##
#..#... #.## #.#
#..).#. ##.## #.#
#..#{o. ###.###.#
#.....# #>...#)#
#...#..
.###.##..#######.....#
.................#.)..


You could see an orc warrior.

Vanquished Creatures
  A yak (D:4)
  A water moccasin (D:5)
  An orc warrior (D:4)
  A centaur (D:4)
  A phantom (D:4)
  4 scorpions
  2 hounds (D:4)
  2 orc priests (D:3)
  5 orc wizards
  12 gnolls
  5 adders
  A shadow imp (D:4)
  2 ufetubi (D:5)
  A worm (D:2)
  A dart slug (D:2)
  11 orcs
  9 endoplasms
  3 giant cockroaches
  5 goblins
  7 hobgoblins
  4 kobolds
  3 quokkas
  7 ball pythons
  10 bats
  3 frilled lizards
  4 rats
  A butterfly (D:1)
107 creatures vanquished.

Notes
Turn   | Place    | Note
-------+----------+-------------------------------------------
     0 | D:1      | jlumianski the Gnoll Shapeshifter began the quest for the
                  | Orb.
     0 | D:1      | Reached XP level 1. HP: 17/17 MP: 1/1
    85 | D:1      | Reached XP level 2. HP: 22/23 MP: 2/2
   372 | D:1      | Reached XP level 3. HP: 28/28 MP: 3/3
   612 | D:1      | Found a faded altar of an unknown god.
   879 | D:3      | Reached skill level 1 in Invocations
   930 | D:3      | Reached skill level 1 in Short Blades
   930 | D:3      | Reached skill level 1 in Long Blades
   930 | D:3      | Reached skill level 1 in Axes
   930 | D:3      | Reached skill level 1 in Maces & Flails
   930 | D:3      | Reached skill level 1 in Polearms
   930 | D:3      | Reached skill level 1 in Staves
   930 | D:3      | Reached skill level 1 in Ranged Weapons
   930 | D:3      | Reached skill level 1 in Throwing
   930 | D:3      | Reached skill level 1 in Armour
   930 | D:3      | Reached skill level 1 in Stealth
   930 | D:3      | Reached skill level 1 in Shields
   930 | D:3      | Reached skill level 1 in Spellcasting
   930 | D:3      | Reached skill level 1 in Evocations
   996 | D:3      | Found an opulent altar of Gozag.
  1037 | D:3      | Reached XP level 4. HP: 30/34 MP: 5/5
  1099 | D:2      | Found Bemem's Assorted Antiques.
  1118 | D:2      | Reached skill level 1 in Conjurations
  1118 | D:2      | Reached skill level 1 in Hexes
  1118 | D:2      | Reached skill level 1 in Summonings
  1118 | D:2      | Reached skill level 1 in Necromancy
  1118 | D:2      | Reached skill level 1 in Translocations
  1118 | D:2      | Reached skill level 1 in Transmutations
  1118 | D:2      | Reached skill level 1 in Fire Magic
  1118 | D:2      | Reached skill level 1 in Ice Magic
  1118 | D:2      | Reached skill level 1 in Air Magic
  1118 | D:2      | Reached skill level 1 in Earth Magic
  1118 | D:2      | Reached skill level 1 in Poison Magic
  1159 | D:2      | Bought a scroll of identify for 46 gold pieces
  1159 | D:2      | Bought a scroll of identify for 46 gold pieces
  1796 | D:3      | Reached XP level 5. HP: 25/40 MP: 5/7
  1902 | D:4      | You fall into a shaft and drop 2 floors!
  1920 | D:5      | Entered Level 5 of the Dungeon
  1920 | D:5      | Found a radiant altar of Vehumet.
  1980 | D:5      | Noticed a water moccasin
  1995 | D:5      | Killed a water moccasin
  1996 | D:5      | Reached skill level 5 in Dodging
  1996 | D:5      | Reached XP level 6. HP: 23/47 MP: 7/9
  2049 | D:5      | HP: 2/47 [poisoned by a scorpion]
  2283 | D:4      | Reached XP level 7. HP: 47/52 MP: 10/10
  2400 | D:5      | Noticed kaesle's ghost (novice HOFi)
  2400 | D:5      | Found a runed translucent gate.
  2400 | D:5      | Found a runed translucent gate.
  2400 | D:5      | Found a runed translucent gate.
  2896 | D:4      | Found a staircase to the Ecumenical Temple.
  2905 | Temple   | Entered the Ecumenical Temple
  2922 | Temple   | Became a worshipper of the Wu Jian Council
  2954 | D:4      | Noticed a yak
  2984 | D:4      | Killed a yak
  2997 | D:4      | Reached XP level 8. HP: 24/60 MP: 12/12
  3493 | D:4      | Learned a level 1 spell: Magic Dart
  3979 | D:5      | Mangled by an orc warrior

Illustrated notes

Levels and vault maps discovered:
D:1:      spicycebolla_arrival_clurvy, layout_rooms,
          nicolae_ecumenical_snake_handling, corexii_hall_statues_i
D:2:      layout_loops_ring, serial_shops, shop
D:3:      layout_rooms, nicolae_gozag_seed_capital, serial_park_tiny_1
D:4:      layout_basic, temple_green, minmay_manual_mess
D:5:      layout_loops_ring, nicolae_vehumet_radiance,
          gammafunk_ghost_nasty_kobolds
D:6:      layout_rooms
Temple:   minmay_freezing_vapour_temple

Skill      XL: |  1  2  3  4  5  6  7  8 |
---------------+-------------------------+-----
Invocations    | 1 2 3 |  3.7
Short Blades   | 1 2 3 |  3.4
Long Blades    | 1 2 3 |  3.4
Axes           | 1 2 3 |  3.4
Maces & Flails | 1 2 3 |  3.5
Polearms       | 1 2 3 |  3.4
Staves         | 1 2 3 |  3.4
Ranged Weapons | 1 2 3 |  3.4
Throwing       | 1 2 3 |  3.4
Armour         | 1 2 3 |  3.4
Stealth        | 1 2 3 |  3.4
Shields        | 1 2 3 |  3.4
Spellcasting   | 1 2 3 |  3.4
Evocations     | 1 2 3 |  3.4
Conjurations   | 1 2 |  2.7
Hexes          | 1 2 |  2.7
Summonings     | 1 2 |  2.7
Necromancy     | 1 2 |  2.7
Translocations | 1 2 |  2.7
Transmutations | 1 2 |  2.7
Fire Magic     | 1 2 |  2.7
Ice Magic      | 1 2 |  2.7
Air Magic      | 1 2 |  2.7
Earth Magic    | 1 2 |  2.7
Poison Magic   | 1 2 |  2.7
Fighting       | 3 4 |  4.3
Dodging        | 5 |  5.7
Unarmed Combat | 7 |  7.4
Shapeshifting  | 7 |  7.3

Action                     |  1- 3 |  4- 6 |  7- 9 || total
---------------------------+-------+-------+-------++-------
  Melee: Unarmed           |    72 |    97 |   117 ||   286
         Punch             |     4 |     3 |     8 ||    15
         Bite              |     4 |    15 |    23 ||    42
  Throw: Dart              |     3 |     4 |       ||     7
Ability: Lunge             |       |       |     6 ||     6
    Use: Scroll            |     3 |     4 |     4 ||    11
         Potion            |       |     1 |     2 ||     3
 Armour: Chain mail        |    49 |    64 |     9 ||   122
         Leather armour    |       |       |    50 ||    50
         Skin              |       |       |     2 ||     2
  Dodge: Dodged            |    24 |    40 |    80 ||   144
   Form: Storm             |       |       |     1 ||     1
         Beast             |       |       |     1 ||     1

Table legend: (Time is in decaauts)
 A = Elapsed time spent in this place.
 B = Non-inter-level travel time spent in this place.
 C = Inter-level travel time spent in this place.
 D = Time resting spent in this place.
 E = Time spent auto-exploring this place.
 F = Levels seen in this place.
 G = Mean time per level.
                   A        B        C        D        E       F      G
               +--------+--------+--------+--------+--------+-----+--------+
         Total |   3949 |   3843 |    106 |    546 |   1597 |   7 |  564.1 |
       Dungeon |   3912 |   3806 |    106 |    540 |   1597 |   6 |  652.0 |
        Temple |     37 |     37 |      0 |      6 |      0 |   1 |   37.0 |
               +--------+--------+--------+--------+--------+-----+--------+

Top non-repeatable levels by time:
     D:4: 1140 daAuts
     D:3: 707 daAuts
     D:5: 675 daAuts
     D:2: 673 daAuts
     D:1: 650 daAuts
     D:6: 64 daAuts
  Temple: 37 daAuts
